 Dungeon Crawl Stone Soup version 0.27-a0-951-gae3e1deef5 (webtiles) character file.

Game seed: 7422663072335948355

21 polve the Skirmisher (level 2, -11/24 HPs)
             Began as a Demonspawn Abyssal Knight on Apr 11, 2021.
             Was a Follower of Lugonu.
             Mangled by Sigmund
             ... wielding a +0 scythe
              (12 damage)
             ... on level 2 of the Dungeon.
             The game lasted 00:01:34 (1173 turns).

polve the Skirmisher (Demonspawn Abyssal Knight)    Turns: 1173, Time: 00:01:34

Health: -11/24     AC:  6    Str: 12    XL:     2   Next: 65%
Magic:  3/3        EV:  8    Int: 13    God:    Lugonu [*.....]
Gold:   57         SH:  7    Dex: 12    Spells: 1/1 levels left

rFire    . . .     SeeInvis .   a - +1 short sword
rCold    . . .     Faith    .   d - +0 buckler
rNeg     . . .     Spirit   .   n - +0 scale mail
rPois    .         Reflect  .   (no helmet)
rElec    .         Harm     +   f - scarf {harm}
rCorr    .         Rampage  .   (no gloves)
Will     .....                  (no boots)
Stlth    ..........             (no amulet)
HPRegen  0.08/turn              (no ring)
MPRegen  0.08/turn              (no ring)

@: hasted, very quick
A: condensation shield
a: Renounce Religion, Depart the Abyss


You were on level 2 of the Dungeon.
You worshipped Lugonu.
Lugonu was aware of your devotion.
You visited 1 branch of the dungeon, and saw 2 of its levels.
You visited the Abyss 1 time.

You collected 57 gold pieces.

Inventory:

Hand Weapons
 a - a +1 short sword (weapon)
Armour
 d - a +0 buckler (worn)
 f - a scarf of harm (worn)
 n - a +0 scale mail (worn)
Wands
 o - a wand of digging (4)
Scrolls
 e - a scroll of acquirement {unknown}
 g - a scroll of magic mapping {unknown}
 h - 2 scrolls of teleportation {unknown}
 i - 3 scrolls of identify {unknown}
 k - a scroll of fear {unknown}
 l - 2 scrolls of amnesia {unknown}
 p - a scroll of enchant armour {unknown}
Potions
 j - a potion of heal wounds
 m - a potion of lignification {unknown}


   Skills:
 - Level 3.0 Fighting
 * Level 2.9 Short Blades
 - Level 1.7 Armour
 - Level 0.8 Dodging
 + Level 0.1 Shields
 - Level 2.4 Invocations


You had one spell level left.
You didn't know any spells.
Your spell library was empty.

Dungeon Overview and Level Annotations

Branches:
Dungeon (2/15)

Altars:

Annotations:
D:2 Sigmund


Innate Abilities, Weirdness & Mutations

A meltable shield of frost defends you. (SH +4)


Message History

No target in view!
No target in view!
No target in view!
No target in view!
No target in view!
No target in view!
No target in view!
No target in view!
No target in view!
No target in view!
No target in view!
No target in view!
No target in view!
No target in view!
No target in view!
No target in view!
You now have 57 gold pieces (gained 19).
You see here a ball python corpse.
p - a scroll labelled RATWUH WYZU Sigmund the Dreaded comes into view.
He is wielding a +0 scythe.
Sigmund shouts!
Found a club.
Sigmund is nearby!
Sigmund is nearby!
It was a potion of heal wounds.
You feel much better.
It was a potion of curing.
You feel better.
Sigmund gestures at himself while chanting.
Sigmund flickers and vanishes!
Deactivating autopickup; reactivate with Ctrl-A.
It was a potion of haste.
You feel yourself speed up.
A magic dart appears from out of thin air!
The magic dart hits you. Something hits you.
You miss something. Something hits you.
You completely miss something. You barely miss something. Something hits you!
* * * LOW HITPOINT WARNING * * *
You hit something. Something hits you!
Ouch! That really hurt!
You die...

....#### #.........###
.......###....†....#...
###......#.............
####.............#.#
###.##.......#..#
######.###..........
###......####..#..####
.................>######
................@.......
.#.[.............{......
.........#..............
##................#.....
#)..######........#.)...
.†....# #........# ....
'†#.#.####......... ...
..#....#........... ...
..###.......... .


There were no monsters in sight!

Vanquished Creatures
  2 dart slugs (D:2)
  A giant cockroach (D:2)
  A goblin (D:1)
  4 hobgoblins
  3 kobolds
  2 ball pythons
  2 bats (D:1)
  2 frilled lizards
17 creatures vanquished.

Notes
Turn   | Place    | Note
-------+----------+-------------------------------------------
     0 | Abyss:1  | polve the Demonspawn Abyssal Knight began the quest for the
                  | Orb.
     0 | Abyss:1  | Reached XP level 1. HP: 18/18 MP: 2/2
    63 | Abyss:2  | Noticed a large abomination
    74 | D:1      | Escaped the Abyss
   612 | D:1      | Reached * piety under Lugonu
   613 | D:1      | Gained mutation: A meltable shield of frost defends you.
                  | (SH +4) [demonic ancestry]
   613 | D:1      | Reached XP level 2. HP: 24/24 MP: 3/3
  1163 | D:2      | Noticed Sigmund
  1172 | D:2      | HP: 1/24 [something (10)]
  1173 | D:2      | Mangled by Sigmund

Illustrated notes

Levels and vault maps discovered:
D:1:      onia_arrival_mini_maze_b, layout_basic
D:2:      layout_rooms, minmay_mini_jars, uniq_sigmund

Skill      XL: |  1 |
---------------+----+-----
Short Blades   | 2 |  2.9
Fighting       | |  3.0
Armour         | |  1.7
Dodging        | |  0.8
Shields        | |  0.1
Invocations    | |  2.4

Action                   || total
-------------------------++-------
Melee: Short sword       ||    55
Invok: Depart the Abyss  ||     1
  Use: Potion            ||     3
Armor: Leather armour    ||    19
       Scale mail        ||     2
Dodge: Dodged            ||    21
Block: Buckler           ||     2
       Other             ||     2

Table legend: (Time is in decaauts)
 A = Elapsed time spent in this place.
 B = Non-inter-level travel time spent in this place.
 C = Inter-level travel time spent in this place.
 D = Time resting spent in this place.
 E = Time spent auto-exploring this place.
 F = Levels seen in this place.
 G = Mean time per level.
                   A        B        C        D        E       F      G
               +--------+--------+--------+--------+--------+-----+--------+
         Total |   1169 |   1133 |     36 |      0 |    956 |   4 |  292.2 |
       Dungeon |   1095 |   1059 |     36 |      0 |    916 |   2 |  547.5 |
         Abyss |     73 |     73 |      0 |      0 |     40 |   2 |   36.5 |
               +--------+--------+--------+--------+--------+-----+--------+

Top non-repeatable levels by time:
     D:1: 900 daAuts
     D:2: 195 daAuts
 Abyss:2: 40 daAuts
 Abyss:1: 33 daAuts
